 Dungeon Crawl Stone Soup version 0.27-a0-887-gcab673c142 (webtiles) character file.

Game seed: 10582738252340698333

4122 wakim the Protected (level 10, -8/84 HPs)
             Began as a Minotaur Hunter on Apr 3, 2021.
             Was a Follower of Uskayaw.
             Mangled by a thrashing horror (10 damage)
             ... on level 2 of the Abyss.
             The game lasted 00:29:58 (12459 turns).

wakim the Protected (Minotaur Hunter)              Turns: 12459, Time: 00:29:58

Health: -8/84      AC: 10    Str: 21    XL:     10   Next: 6%
Magic:  10/12      EV: 11    Int:  8    God:    Uskayaw [*.....]
Gold:   352        SH:  4    Dex: 10    Spells: 9/9 levels left

rFire    . . .     SeeInvis .   a - +0 morningstar (drain)
rCold    . . .     Faith    +   l - +0 buckler
rNeg     . . .     Spirit   .   m - +1 scale mail
rPois    .         Reflect  .   (helmet restricted)
rElec    .         Harm     .   g - +0 cloak
rCorr    .         Rampage  .   (no gloves)
Will     .....                  (no boots)
Stlth    ..........             n - amulet of faith
HPRegen  0.24/turn              (no ring)
MPRegen  0.13/turn              (no ring)

@: no status effects
A: horns 2, retaliatory headbutt
a: Renounce Religion, Stomp


You were on level 2 of the Abyss.
You worshipped Uskayaw.
Uskayaw was noncommittal.
You visited 1 branch of the dungeon, and saw 9 of its levels.
You visited the Abyss 1 time.
You also visited: Sewer.

You collected 352 gold pieces.

Inventory:

Hand Weapons
 a - a +0 morningstar of draining (weapon)
 b - a +2 hand crossbow of freezing
 k - a +3 whip
 p - a +2 whip of freezing
Missiles
 c - 3 curare-tipped darts
 d - 104 bolts
 j - 2 atropa-tipped darts (quivered)
Armour
 g - a +0 cloak (worn)
 l - a +0 buckler (worn)
 m - a +1 scale mail (worn)
Jewellery
 n - an amulet of faith (around neck)
Wands
 f - a wand of random effects (20)
 u - a wand of mindburst (13)
Scrolls
 e - a scroll of enchant weapon
 q - a scroll of brand weapon
 r - 4 scrolls of identify
 R - 3 scrolls of magic mapping
 X - a scroll of fog
 Y - 2 scrolls of blinking
Potions
 h - a potion of mutation {unknown}
 i - a potion of attraction {unknown}
 o - a potion of brilliance {unknown}
 s - a potion of invisibility {unknown}
 t - 2 potions of haste {unknown}
 v - a potion of cancellation {unknown}
 F - a potion of curing
 G - 2 potions of flight
 J - a potion of heal wounds
 K - a potion of magic


   Skills:
 + Level 6.7 Fighting
 * Level 8.8 Maces & Flails
 + Level 6.8 Crossbows
 * Level 9.1 Armour
 - Level 3.6 Dodging
 - Level 0.7 Stealth
 - Level 4.0 Shields
 + Level 5.0 Invocations


You had 9 spell levels left.
You didn't know any spells.
Your spell library contained the following spells:

 Spells                   Type           Power      Damage    Failure   Level
 Animate Skeleton         Necr           0%         N/A       71%         1
 Apportation              Tloc           0%         N/A       71%         1
 Corona                   Hex            0%         N/A       71%         1
 Summon Small Mammal      Summ           0%         N/A       71%         1


Dungeon Overview and Level Annotations

Branches:
Dungeon (9/15)             Temple (0/1) D:5           Sewer (visited)
   Lair: D:8-11         Orc: D:9-12

Altars:
Cheibriados
Makhleb
Qazlal
Ru
Sif Muna
Uskayaw
Xom
Zin
The Shining One

Shops:
D:7 *

Annotations:
D:5 1 runed translucent door
D:9 Erolcha


Innate Abilities, Weirdness & Mutations

You have a pair of horns on your head.
You reflexively headbutt those who attack you in melee.


Message History

You stumble backwards!
You sock the thrashing horror!
The thrashing horror is heavily damaged.
The jumping spider disappears in a puff of smoke!
The thrashing horror barely misses you.
The thrashing horror tramples you but does no damage.
You can now stomp with the beat.
The quasit bites you but does no damage.
The quasit claws you but does no damage.
The quasit barely misses you. The quasit closely misses you.
The quasit claws you.
* * * LOW HITPOINT WARNING * * *
The quasit claws you but does no damage.
The thrashing horror tramples you.
* * * LOW HITPOINT WARNING * * *
You stumble backwards!
The thrashing horror tramples you but does no damage. x2
The thrashing horror roars!
The thrashing horror tramples you but does no damage.
You block the thrashing horror's attack.
The worldbinder calls forth creatures from the Spider Nest!
A tentacle flies out from the starspawn's body!
A starspawn tentacle comes into view.
A starspawn tentacle comes into view.
The orb spider disappears in a puff of smoke!
The thrashing horror tramples you!
* * * LOW HITPOINT WARNING * * *
You hold your ground!
The thrashing horror barely misses you.
The thrashing horror roars!
You hear a shout!
The thrashing horror tramples you.
* * * LOW HITPOINT WARNING * * *
You hold your ground!
The thrashing horror tramples you.
* * * LOW HITPOINT WARNING * * *
You hold your ground!
The worldbinder calls forth creatures from the Spider Nest!
You closely miss the thrashing horror.
The thrashing horror is heavily damaged.
The tarantella disappears in a puff of smoke!
The thrashing horror tramples you!
You die...

# .# .. #### .#
# #@X##.#####..
##5..###...
#.#..#...#
##.#s#.#.#
#.#.#sx#.###
..#.§X§#....#
#.##..#§.§..#.##
# ##. .###x...#
## ....#)...


You could see a tentacled starspawn, a thrashing horror, a worldbinder, a
jumping spider (summoned), a tarantella (summoned) and a quasit.

Vanquished Creatures
  Pikel (D:7)
  Prince Ribbit (D:8)
  A vampire mosquito (D:5)
  A water moccasin (D:6)
  An ice beast (D:8)
  A black bear (D:8)
  An ogre (D:4)
  5 centaurs
  A phantom (D:6)
  7 kobold brigands
  The ghost of polve the Conjurer, an amateur DECj (D:3)
  A gnoll sergeant (D:5)
  7 scorpions
  A bullfrog (D:8)
  3 wyvern skeletons
  A water moccasin skeleton (D:5)
  2 killer bees
  3 wights (D:8)
  2 howler monkeys
  2 electric eels (D:8)
  2 centaur zombies
  A bullfrog zombie (D:6)
  2 jellies (D:6)
  A bullfrog skeleton (D:5)
  Crazy Yiuf (D:4)
  4 orc priests (D:5)
  A centaur skeleton (D:4)
  2 iguanas
  A small abomination (Abyss:2)
  A hound skeleton (D:4)
  16 gnolls
  2 howler monkey skeletons (D:7)
  A howler monkey zombie (D:7)
  10 adders
  2 shadow imps
  A white imp (D:6)
  2 ufetubi (D:6)
  An adder skeleton (D:4)
  5 worms
  5 dart slugs
  13 orcs
  6 bats
  7 endoplasms
  5 giant cockroaches
  3 goblins
  4 hobgoblins
  3 jackals (D:1)
  27 kobolds
  10 quokkas
  7 ball pythons
  4 frilled lizards
  A jackal skeleton (D:4)
  10 rats
  4 butterflies (D:5)
208 creatures vanquished.

Vanquished Creatures (others)
  4 fungi (D:4)
  15 plants (D:5)
  4 starspawn tentacles (Abyss:2)
23 creatures vanquished.

Grand Total: 231 creatures vanquished

Notes
Turn   | Place    | Note
-------+----------+-------------------------------------------
     0 | D:1      | wakim the Minotaur Hunter began the quest for the Orb.
     0 | D:1      | Reached XP level 1. HP: 18/18 MP: 0/0
   499 | D:1      | Reached skill level 1 in Armour
   530 | D:1      | Reached XP level 2. HP: 25/25 MP: 1/1
   775 | D:1      | Found a faded altar of an unknown god.
   780 | D:1      | Became a worshipper of Uskayaw the Reveller
   780 | D:1      | Reached * piety under Uskayaw
   801 | D:1      | Reached ** piety under Uskayaw
  1549 | D:2      | Reached XP level 3. HP: 30/30 MP: 2/2
  1593 | D:2      | You fall into a shaft and drop 2 floors!
  1601 | D:4      | Found a burning altar of Makhleb.
  1618 | D:4      | Reached skill level 1 in Maces & Flails
  1618 | D:4      | Reached skill level 2 in Armour
  1690 | D:4      | Reached XP level 4. HP: 29/37 MP: 3/3
  1693 | D:4      | Reached *** piety under Uskayaw
  1695 | D:4      | Reached skill level 1 in Invocations
  1957 | D:3      | Reached XP level 5. HP: 39/45 MP: 4/4
  2053 | D:4      | Found a glowing drain.
  2075 | Sewer    | Entered a sewer
  2143 | Sewer    | HP: 2/45 [kobold brigand/+0 dagger (2)]
  2145 | Sewer    | Reached skill level 5 in Crossbows
  2145 | Sewer    | Reached skill level 3 in Armour
  2464 | Sewer    | Reached XP level 6. HP: 10/51 MP: 6/6
  2465 | Sewer    | HP: 2/51 [worm (8)]
  3247 | Sewer    | Reached skill level 4 in Armour
  3727 | Sewer    | Reached XP level 7. HP: 8/58 MP: 7/7
  4875 | D:3      | Found a glowing golden altar of the Shining One.
  4888 | D:3      | Found a shimmering altar of Xom.
  4994 | D:3      | Found a runed translucent door.
  4995 | D:3      | Noticed polve's ghost (amateur DECj)
  5001 | D:3      | Killed polve's ghost
  5006 | D:3      | Reached skill level 1 in Shields
  6148 | D:4      | Reached skill level 5 in Armour
  6459 | D:4      | Found a runed translucent door.
  6460 | D:4      | Noticed Crazy Yiuf
  6467 | D:4      | Killed Crazy Yiuf
  6920 | D:5      | Entered Level 5 of the Dungeon
  6945 | D:5      | Reached skill level 5 in Maces & Flails
  7087 | D:5      | Reached XP level 8. HP: 45/67 MP: 5/9
  7477 | D:5      | Reached **** piety under Uskayaw
  7868 | D:5      | Found a staircase to the Ecumenical Temple.
  9033 | D:5      | Found a runed translucent door.
  9052 | D:5      | Found a runed translucent door.
  9074 | D:5      | Reached skill level 6 in Armour
  9083 | D:5      | Reached skill level 5 in Fighting
  9084 | D:5      | Reached ***** piety under Uskayaw
  9512 | D:6      | Reached skill level 7 in Armour
  9515 | D:6      | Reached XP level 9. HP: 53/74 MP: 7/10
  9763 | D:6      | Found a hide-covered altar of Uskayaw.
 10287 | D:6      | Found a sacrificial altar of Ru.
 10496 | D:6      | Found a shimmering blue altar of Sif Muna.
 10656 | D:7      | Found Coleagosk's Assorted Antiques.
 10686 | D:7      | Found a stormy altar of Qazlal.
 10711 | D:7      | Noticed Pikel
 10721 | D:7      | Killed Pikel
 10722 | D:7      | Reached skill level 8 in Armour
 11344 | D:8      | Found a snail-covered altar of Cheibriados.
 11591 | D:8      | Noticed Prince Ribbit
 11608 | D:8      | Killed Prince Ribbit
 11664 | D:8      | Found a glowing silver altar of Zin.
 11691 | D:8      | Reached skill level 9 in Armour
 11691 | D:8      | Reached skill level 5 in Invocations
 11691 | D:8      | Reached XP level 10. HP: 59/84 MP: 12/12
 12124 | D:9      | Noticed Erolcha
 12137 | D:9      | HP: 4/84 [something (13)]
 12138 | D:9      | Cast into level 2 of the Abyss (Erolcha)
 12251 | Abyss:2  | Noticed a tentacled starspawn
 12429 | Abyss:2  | Noticed a worldbinder
 12434 | Abyss:2  | Noticed a thrashing horror
 12446 | Abyss:2  | HP: 1/84 [thrashing horror (6)]
 12451 | Abyss:2  | Noticed an orb spider
 12455 | Abyss:2  | Noticed a tentacled starspawn
 12457 | Abyss:2  | HP: 4/84 [thrashing horror (11)]
 12459 | Abyss:2  | Mangled by a thrashing horror

Illustrated notes

Levels and vault maps discovered:
D:1:      enne_arrival_octagon_isle, layout_basic, basic_ecumenical_altar
D:2:      layout_loops_ring
D:3:      minmay_general_purpose_star, layout_rooms, tso_altar,
          lemuel_tele_altar, ebering_ghost_inner_flame
D:4:      layout_loops_corners, lemuel_crystal_altar, portal_sewer_entry_f,
          uniq_crazy_yiuf_cottage
D:5:      lemuel_insect_pit, layout_loops_ring,
          minmay_temple_entry_gardened_gates, serial_bayou,
          serial_bayou_lagoon_a, serial_bayou_ford_a, serial_bayou_lagoon_b,
          serial_bayou_pond_e, kennysheep_generic_room_2
D:6:      layout_basic, led_sif_pool, nicolae_uskayaw_dance_hall,
          nicolae_ru_awakened_eye
D:7:      layout_cave_pools, nicolae_qazlal_style_of_elements, serial_shops,
          nicolae_shop_overgrown_old_shop, hex_medium, uniq_pikel
D:8:      cheibrodos_helix_gallery, layout_cave_pools, general_overflow_altar,
          zin_academy, kennysheep_small_circle, uniq_prince_ribbit1
D:9:      layout_basic, uniq_erolcha
Abyss:2:  base: D:1, evilmike_abyss_exit_chaos

Skill      XL: |  1  2  3  4  5  6  7  8  9 |
---------------+----------------------------+-----
Armour         | 1 2 3 4 5 7 9 |  9.1
Maces & Flails | 1 2 3 4 5 6 8 |  8.8
Fighting       | 3 4 5 6 |  6.7
Invocations    | 1 2 3 5 |  5.0
Crossbows      | 5 6 |  6.8
Dodging        | 3 |  3.6
Shields        | 2 4 |  4.0
Stealth        | |  0.7

Action                   |  1- 3 |  4- 6 |  7- 9 | 10-12 || total
-------------------------+-------+-------+-------+-------++-------
Melee: Short sword       |    36 |       |       |       ||    36
       Headbutt          |    14 |    14 |    49 |     9 ||    86
       Whip              |    27 |    75 |    35 |       ||   137
       Flail             |       |    24 |       |       ||    24
       Morningstar       |       |       |   253 |    41 ||   294
 Fire: Hand crossbow     |    16 |    33 |    53 |       ||   102
Throw: Dart              |       |       |     2 |       ||     2
Invok: Stomp             |       |       |       |     1 ||     1
  Use: Scroll            |     3 |     5 |     9 |     3 ||    20
       Potion            |     1 |     3 |     1 |     2 ||     7
 Stab: Paralysed         |       |       |    12 |     2 ||    14
Armor: Leather armour    |     4 |       |       |       ||     4
       Ring mail         |    11 |    19 |    24 |       ||    54
       Scale mail        |       |       |   102 |    31 ||   133
Dodge: Dodged            |    39 |    59 |   179 |    30 ||   307
Block: Buckler           |       |       |    56 |    13 ||    69

Table legend: (Time is in decaauts)
 A = Elapsed time spent in this place.
 B = Non-inter-level travel time spent in this place.
 C = Inter-level travel time spent in this place.
 D = Time resting spent in this place.
 E = Time spent auto-exploring this place.
 F = Levels seen in this place.
 G = Mean time per level.
                   A        B        C        D        E       F      G
               +--------+--------+--------+--------+--------+-----+--------+
         Total |  12786 |  12323 |    463 |   2874 |   7431 |  11 | 1162.4 |
       Dungeon |  10283 |   9820 |    463 |   1792 |   6436 |   9 | 1142.6 |
         Abyss |    321 |    321 |      0 |    273 |      0 |   1 |  321.0 |
         Sewer |   2181 |   2181 |      0 |    809 |    994 |   1 | 2181.0 |
               +--------+--------+--------+--------+--------+-----+--------+

Top non-repeatable levels by time:
     D:4: 2434 daAuts
   Sewer: 2181 daAuts
     D:5: 2002 daAuts
     D:1: 1492 daAuts
     D:6: 986 daAuts
     D:2: 939 daAuts
     D:3: 863 daAuts
     D:8: 849 daAuts
     D:7: 647 daAuts
 Abyss:2: 321 daAuts
     D:9: 68 daAuts
